 Dungeon Crawl Stone Soup version 0.30.1-9-gdf580d7c3d (webtiles) character file.

Game seed: 15840017723718772965

12257 pkoi the Black Belt (level 11, -6/80 HPs)
             Began as a Yellow Draconian Monk on Oct 24, 2023.
             Was an Elder of Hepliaklqana.
             Mangled by a salamander
             ... wielding a +0 spear
              (11 damage)
             ... on level 2 of the Lair of Beasts.
             The game lasted 00:16:19 (12672 turns).

pkoi the Black Belt (Yellow Draconian Monk)        Turns: 12672, Time: 00:16:20

Health: -6/80      AC:  9    Str: 13    XL:     11   Next: 60%
Magic:  14/14      EV: 17    Int: 22    God:    Hepliaklqana [****..]
Gold:   719        SH:  0    Dex: 13    Spells: 10/10 levels left

rFire   . .          .
                       - Unarmed
rCold   . . .        (no shield)
rNeg    . . .        (body armour unavailable)
rPois   .            (helmet restricted)
rElec   .            j - scarf {shadows}
rCorr   +            (no gloves)
SInv    .            t - +1 pair of boots
Will    ++...        H - amulet of magic regeneration
Stlth   +            D - ring of Wiklakhli {Will+ Int+6}
HPRegen 0.33/turn    g - ring of willpower
MPRegen 0.54/turn

%: no passive effects
@: studying Transmutations
A: reduced essence, spit acid, AC +7, unfitting armour, cold-blooded, acid
resistance
a: Breathe Acid, Renounce Religion, Recall Ancestor, Ancestor Identity,
Transference, Idealise


You were on level 2 of the Lair of Beasts.
You worshipped Hepliaklqana.
Hepliaklqana was greatly pleased with you.
You visited 3 branches of the dungeon, and saw 12 of its levels.

You collected 719 gold pieces.

Inventory:

Hand Weapons
 k - a +3 dagger of venom
 E - a +3 lajatang of speed
 F - a +3 sling of draining
Missiles
 z - 2 throwing nets (quivered)
Armour
 b - an orb of light
 j - a scarf of shadows (worn)
 t - a +1 pair of boots (worn)
Jewellery
 f - a ring of fire
 g - a ring of willpower (right hand)
 m - a ring of see invisible
 q - a ring of flight
 D - the ring of Wiklakhli (left hand) {Will+ Int+6}
   (You took it off an efreet on level 7 of the Dungeon)

   [ring of willpower]

   Int:       It affects your intelligence (+6).
   Will:      It increases your willpower.
 H - an amulet of magic regeneration (around neck)
Wands
 e - a wand of flame (22)
 G - a wand of iceblast (14)
Scrolls
 d - 3 scrolls of identify
 h - a scroll of teleportation
 l - a scroll of enchant weapon
 r - a scroll of immolation
 s - 2 scrolls of fog
 w - a scroll of silence
 I - a scroll of fear
Potions
 a - 3 potions of ambrosia
 c - 5 potions of lignification
 i - 8 potions of curing
 n - 4 potions of attraction
 o - 4 potions of might
 p - a potion of invisibility
 u - a potion of berserk rage
 v - 6 potions of flight
 B - a potion of magic


   Skills:
 - Level 6.0 Fighting
 - Level 12.0 Dodging
 + Level 15.0 Unarmed Combat
 + Level 4.9 Invocations


You had 10 spell levels left.
You didn't know any spells.
Your spell library contained the following spells:

 Spells                   Type           Power      Damage    Failure   Level
 Ensorcelled Hibernation  Hex/Ice        0%         N/A       26%         2
 Lesser Beckoning         Tloc           0%         N/A       26%         2
 Gell's Gravitas          Tloc           0%         N/A       45%         3
 Spider Form              Tmut/Pois      0%         N/A       45%         3
 Teleport Other           Tloc           0%         N/A       45%         3
 Anguish                  Hex/Necr       0%         N/A       86%         4
 Malign Gateway           Summ/Tloc      0%         N/A       100%        7
 Summon Horrible Things   Summ           0%         N/A       100%        8


Dungeon Overview and Level Annotations

Branches:
Dungeon (9/15)             Temple (1/1) D:6            Lair (2/5) D:8
  Snake (0/4) Lair:2
  Swamp: Lair:2-3    Shoals: Lair:2-3       Orc: D:9-12

Altars:
Ashenzari
Cheibriados
Dithmenos
Elyvilon
Fedhas
Gozag
Hepliaklqana
Makhleb
Nemelex Xobeh
Okawaru
Qazlal
Ru
Sif Muna
Trog
Uskayaw
Vehumet
Wu Jian
Xom
Yredelemnul
Zin
The Shining One

Annotations:
D:5 2 transporters
Lair:1 3 runed translucent doors, kaesle's ghost, journeyman HOFi


Innate Abilities, Weirdness & Mutations

Your life essence is reduced to manifest your ancestor. (-10% HP)
You can spit globs of acid.
Your golden yellow scales are hard. (AC +7)
You cannot fit into any form of body armour.
You are cold-blooded and may be slowed by cold attacks.
You are resistant to acid. (rCorr)


Message History

The lava snake hisses angrily.
The lava snake spits lava at you. The glob of lava hits you!
A lava snake comes into view.
The lava snake hisses angrily.
The salamander hits you from afar with a +0 spear.
You are engulfed in flames!
The salamander hits you with a +0 spear!
You are engulfed in flames!
The lava snake spits lava at you. The glob of lava misses you.
The glob of lava hits Udjahorresnet!
Udjahorresnet partially resists.
You are too injured to fight recklessly!
You are too injured to fight recklessly!
You are too injured to fight recklessly!
Unknown command.
You hit the lava snake.
The lava snake is lightly wounded.
The salamander closely misses you.
Unknown command.
You punch the lava snake!
You kill the lava snake!
The lava snake spits lava at you. The glob of lava hits you!
* * * LOW HITPOINT WARNING * * *
The lava snake closely misses you.
The salamander hits you with a +0 spear.
* * * LOW HITPOINT WARNING * * *
You are engulfed in flames!
* * * LOW HITPOINT WARNING * * *
Unknown command.
The lava snake attacks as you move away!
The lava snake completely misses you. The lava snake spits lava at you.
The glob of lava hits Udjahorresnet!
Udjahorresnet partially resists.
Udjahorresnet hits the lava snake with a +0 quarterstaff!
The lava snake dies!
The salamander hits you from afar with a +0 spear!
You die...

#..........
##.............
#..........
##§≈≈##.............
#..F......
##≈≈§§≈##............
##.^.......
#≈≈.§.≈§#............
#..........
#≈..>.§≈#............
#...†.....[
#§.....S#............
....#......
#≈N.S≈######.###P#P.
...####.... #≈≈.R#
### ##### ..#####....
##.@.# ##########
..###...>P# ##.##
####.#..#P.##
.##.#...P#
#.####PP........#.
..#......#
#....#............
.....>.#
###.............(.
...<...#
###.............
P#.#...###
###...........
#####....##
#........... #
##....# #......§....


You could see the friendly Udjahorresnet the battlemage, a salamander and 2 lava
snakes.

Vanquished Creatures
  A two-headed ogre (D:8)
  Pikel (D:4)
  An efreet (D:7)
  A komodo dragon (Lair:2)
  A hornet (D:8)
  Sigmund (D:3)
  A wyvern (Lair:1)
  14 yaks
  A vampire mosquito (D:7)
  4 steam dragons (D:7)
  2 acid dragons
  3 water moccasins
  An orc warrior (D:9)
  A black bear (Lair:2)
  An ogre (D:4)
  2 centaurs
  A lemure (D:4)
  A phantom (D:6)
  9 bullfrogs
  5 scorpions
  A wight (D:9)
  5 killer bees
  3 howler monkeys
  A lava snake (Lair:2)
  5 hounds
  2 jellies (D:6)
  Jessica (D:2)
  4 iguanas
  3 orc wizards
  Ijyb (D:4)
  13 adders
  A gnoll (D:6)
  A shadow imp (D:4)
  A white imp (D:6)
  2 worms
  3 dart slugs
  17 orcs
  4 bats
  5 endoplasms
  2 giant cockroaches
  5 goblins
  7 hobgoblins
  6 jackals
  3 quokkas
  5 ball pythons
  7 frilled lizards
  7 kobolds
  4 rats
171 creatures vanquished.

Vanquished Creatures (collateral kills)
  2 cane toads
  A komodo dragon (Lair:2)
  A troll (D:9)
  5 blink frogs
  9 yaks
  2 water moccasins
  3 orc warriors
  A sky beast (D:7)
  2 black bears (D:8)
  2 bullfrogs
  2 kobold brigands
  A gnoll sergeant (D:6)
  3 wights
  A killer bee (D:8)
  A lava snake (Lair:2)
  A hound (D:7)
  An orc priest (D:9)
  3 orc wizards
  2 gnolls (D:6)
  6 orcs
  5 kobolds
54 creatures vanquished.

Vanquished Creatures (others)
  4 battlemagi
4 creatures vanquished.

Grand Total: 229 creatures vanquished

Notes
Turn   | Place    | Note
-------+----------+-------------------------------------------
     0 | D:1      | pkoi the Draconian Monk began the quest for the Orb.
     0 | D:1      | Reached XP level 1. HP: 19/19 MP: 1/1
   412 | D:1      | Reached XP level 2. HP: 23/26 MP: 2/2
   861 | D:2      | Reached skill level 4 in Unarmed Combat
   908 | D:2      | Found a sparkling altar of Nemelex Xobeh.
   936 | D:2      | Reached XP level 3. HP: 14/31 MP: 3/3
  1238 | D:2      | Noticed Jessica
  1248 | D:2      | Found a faded altar of an unknown god.
  1254 | D:2      | Killed Jessica
  1384 | D:2      | Reached XP level 4. HP: 36/38 MP: 4/4
  1392 | D:2      | Reached skill level 5 in Unarmed Combat
  2098 | D:3      | Reached XP level 5. HP: 45/45 MP: 5/5
  2477 | D:3      | Noticed Sigmund
  2487 | D:3      | Killed Sigmund
  2488 | D:3      | Reached skill level 7 in Unarmed Combat
  2488 | D:3      | Reached XP level 6. HP: 38/51 MP: 6/6
  3117 | D:4      | Noticed Pikel
  3154 | D:4      | Killed Pikel
  3155 | D:4      | Reached skill level 9 in Unarmed Combat
  3155 | D:4      | Your scales start taking on a golden yellow colour.
  3155 | D:4      | Reached XP level 7. HP: 28/57 MP: 7/7
  3155 | D:4      | Gained mutation: You are resistant to acid. (rCorr) [Yellow
                  | Draconian growth]
  3551 | D:4      | Identified a scroll of acquirement
  3551 | D:4      | Acquired a manual of Dodging
  3812 | D:4      | Noticed Ijyb
  3825 | D:4      | Killed Ijyb
  3953 | D:4      | Reached XP level 8. HP: 62/63 MP: 8/8
  4187 | D:5      | Entered Level 5 of the Dungeon
  4228 | D:5      | Reached skill level 10 in Unarmed Combat
  4301 | D:5      | Found a transporter.
  4418 | D:5      | Found a transporter.
  4900 | D:6      | Found a hide-covered altar of Uskayaw.
  5206 | D:6      | Reached skill level 11 in Unarmed Combat
  5491 | D:6      | Found a staircase to the Ecumenical Temple.
  5499 | Temple   | Entered the Ecumenical Temple
  5558 | Temple   | Became a worshipper of Hepliaklqana the Forgotten
  5558 | Temple   | Reached * piety under Hepliaklqana
  5558 | Temple   | Reached ** piety under Hepliaklqana
  5559 | Temple   | Remembered your ancestor Udjahorresnet as a battlemage
  6326 | D:7      | Reached XP level 9. HP: 16/64 MP: 9/9
  6825 | D:7      | Reached skill level 5 in Dodging
  7012 | D:7      | Reached skill level 5 in Fighting
  7188 | D:7      | Reached skill level 12 in Unarmed Combat
  7275 | D:7      | Identified the staff of conjuration "Uwudan" {rElec rF- rC-
                  | rN+++ Str+6}
  7278 | D:7      | Identified the ring of Wiklakhli {Will+ Int+6}
  7278 | D:7      | Noticed an efreet
  7289 | D:7      | Killed an efreet
  7489 | D:8      | Noticed a two-headed ogre
  7509 | D:8      | Killed a two-headed ogre
  7671 | D:8      | Reached XP level 10. HP: 52/74 MP: 10/10
  7868 | D:8      | Reached skill level 13 in Unarmed Combat
  7878 | D:8      | Found an opulent altar of Gozag.
  8168 | D:8      | Found a staircase to the Lair.
  8268 | D:8      | Reached *** piety under Hepliaklqana
  8290 | D:8      | Found a shadowy altar of Dithmenos.
  8392 | D:8      | Found a blossoming altar of Fedhas.
  9314 | D:9      | Found a sparkling altar of Nemelex Xobeh.
  9500 | D:8      | Reached skill level 10 in Dodging
  9963 | D:9      | Reached skill level 14 in Unarmed Combat
 10099 | D:9      | Found an ornate altar of the Wu Jian Council.
 10099 | D:9      | Found a glowing golden altar of the Shining One.
 10278 | D:9      | Reached XP level 11. HP: 69/80 MP: 11/11
 10450 | D:9      | Identified the staff of air "Toijip Luyrch" {rElec Will+}
 10697 | Lair:1   | Entered Level 1 of the Lair of Beasts
 10926 | Lair:1   | Found a runed translucent gate.
 10927 | Lair:1   | Found a runed translucent gate.
 10928 | Lair:1   | Found a runed translucent gate.
 10929 | Lair:1   | Noticed kaesle's ghost (journeyman HOFi)
 11474 | Lair:1   | Reached **** piety under Hepliaklqana
 11720 | Lair:2   | Reached skill level 1 in Invocations
 12564 | Lair:2   | Reached skill level 15 in Unarmed Combat
 12666 | Lair:2   | Found a staircase to the Snake Pit.
 12671 | Lair:2   | HP: 4/80 [salamander/+0 spear (12)]
 12672 | Lair:2   | Mangled by a salamander

Illustrated notes

Levels and vault maps discovered:
D:1:      scummos_arrival_checkerplants, layout_loops_ring, minmay_misc_feat_x,
          minmay_crystal_water
D:2:      layout_loops_cross, basic_altar, ebering_ecumenical_altar_sacrificial,
          minmay_strange_pillars, uniq_jessica
D:3:      layout_loops_ring, minmay_statues_item, uniq_sigmund
D:4:      layout_basic, hex_intersection, nicolae_zen_rock_garden, uniq_ijyb,
          uniq_pikel
D:5:      gammafunk_wand_slinger, layout_basic
D:6:      layout_basic, eat_drink_and_be_merry_uskayaw,
          minmay_temple_entry_metal_lava, kennysheep_pointless_box
D:7:      layout_rooms, minmay_the_grid_2x2 [minmay_the_grid_dragon_b,
          minmay_the_grid_diamond_grid, minmay_the_grid_square_x,
          minmay_the_grid_prize_diamond_cup]
D:8:      layout_loops_ring, fedhas_altar_fruit_tree,
          mainiacjoe_overflow_brackets, mainiacjoe_overflow_surrounded_room,
          grunt_lair_entry_orc_guard_hut
D:9:      layout_loops_ring, mainiacjoe_overflow_chevrons,
          gammafunk_temple_overflow_pools, enter_bailey_2
Temple:   eino_temple_water
Lair:1:   layout_regular_city, ebering_ghost_rock_garden
Lair:2:   layout_cave_pods, swamp_mist, nicolae_snake_entry_warm_welcome

Skill      XL: |  1  2  3  4  5  6  7  8  9 10 11 |
---------------+----------------------------------+-----
Unarmed Combat | 4 5 7 9 11 12 14 15 | 15.0
Dodging        | 4 8 11 12 | 12.0
Fighting       | 4 6 |  6.0
Invocations    | 4 |  4.9

Action                     |  1- 3 |  4- 6 |  7- 9 | 10-12 || total
---------------------------+-------+-------+-------+-------++-------
  Melee: Unarmed           |    33 |       |    83 |   211 ||   327
         Tailslap          |    11 |    29 |    29 |    36 ||   105
         Dagger            |    55 |   171 |   151 |       ||   377
         Punch             |       |     8 |     9 |    27 ||    44
 Invoke: Ancestor Life: Ba |       |       |     1 |       ||     1
         Recall Ancestor   |       |       |       |     5 ||     5
Ability: Breathe Acid      |       |       |     5 |     4 ||     9
    Use: Scroll            |       |       |     9 |    13 ||    22
   Stab: Sleeping          |       |     2 |     2 |     1 ||     5
         Distracted        |       |       |     2 |     1 ||     3
 Armour: Skin              |    22 |    64 |    64 |    43 ||   193
  Dodge: Dodged            |    51 |    93 |   171 |   179 ||   494
